Cogmind - Beta 17 @@@ ROGUE MODE // 2026.08.13 @ 15:04:37 Player: Fedop Result: Destroyed by YL-4M2(R) with Subdweller Machine Gun Performance ------------- Evolutions (0) 0 Regions Visited (2) 400 Robots Destroyed (1) 5 Value Destroyed (2) 2 Prototype IDs (0) 0 Alien Tech Used (0) 0 Bonus (0) 0 TOTAL SCORE: 407 Bonus ------- None Cogmind --------- Core Integrity 0/250 Matter 300/300 Energy 100/100 System Corruption 0% Temperature Cool (0) Movement Core (50) Location -10/Subcaves Parts ------- > --- POWER (1) -------- (None) > --- PROPULSION (2) --- (None) > --- UTILITY (2) ------ (None) > --- WEAPON (2) ------- (None) > --- INVENTORY (5) ---- Light Ion Engine Scrap Shield Medium Laser Light Assault Rifle Peak State ------------ > --- POWER ------------ Ion Engine > --- PROPULSION ------- Aluminum Leg Aluminum Leg > --- UTILITY ---------- Small Storage Unit > --- WEAPON ----------- EM Pulse Gun Medium Laser > --- INVENTORY -------- Light Ion Engine Light Assault Rifle [Rating: 6] Favorites ----------- Power Light Ion Engine Engine Light Ion Engine Propulsion Flight Unit Leg Aluminum Leg Flight Unit Flight Unit Utility Light Armor Plating Storage Small Storage Unit Protection Light Armor Plating Weapon Medium Laser Energy Gun Medium Laser Build | -11 -10 -10 ------- Run | Yrd Mat Sub Slots Evolved . | . . . Power . | . . . Propulsion . | . . . Utility . | . . . Weapon . | . . . Parts Attached 12 | 7 4 1 Power 3 | 2 1 . Engine 3 | 2 1 . Core . | . . . Reactor . | . . . Propulsion 5 | 2 2 1 Treads . | . . . Leg 2 | 2 . . Wheel . | . . . Hover . | . . . Flight 3 | . 2 1 Utility 2 | 1 1 . Device . | . . . Storage 1 | 1 . . Processor . | . . . Hackware . | . . . Protection 1 | . 1 . Artifact . | . . . Weapon 2 | 2 . . Energy Gun 2 | 2 . . Energy Cannon . | . . . Ballistic Gun . | . . . Ballistic Cannon . | . . . Launcher . | . . . Special Weapon . | . . . Impact Weapon . | . . . Slashing Weapon . | . . . Piercing Weapon . | . . . Special Melee Weapon . | . . . Unidentified Prototypes . | . . . Parts Lost 5 | . . 5 Power 1 | . . 1 Propulsion 3 | . . 3 Utility 1 | . . 1 Weapon . | . . . Highest Loss Streak 4 | . . 4 To Critical Strikes . | . . . Average Backups 3 | 1 4 4 Power . | . 1 1 Propulsion 1 | . 2 . Utility . | . . 1 Weapon 1 | . 1 1 Tool/Special . | . . . Unused Backups 7 | . 3 4 Power . | . . . Propulsion 2 | . 2 . Utility 2 | . . 2 Weapon 3 | . 1 2 Tool/Special . | . . . Average Slot Usage (%) 72 | . 79 68 Engine 14 | . 14 14 Leg 6 | . 21 . Flight 20 | . 7 26 Storage 2 | . 9 . Protection 10 | . 2 13 Energy Gun 16 | . 24 13 Peak Build Rating 6 | 6 6 5 Average Rating 4 | 4 5 4 On Entrance 3 | . 6 5 Avg Prop Armor Cover (%) 14 | . 14 . Naked Turns 2 | . . 2 Heaviest Build 14 | 14 14 8 Greatest Support 20 | 20 20 8 Greatest Overweight (x) 3 | 3 1 1 Average Overweight (x) . | . . . Largest Inventory Capacity 8 | 8 8 5 Average Capacity 5 | 7 7 5 Most Carried 5 | 4 5 5 Average Carried 4 | 1 4 4 Final Capacity 8 | 8 5 5 Final Carried 5 | 4 5 5 Class Distribution -------------------- 100% | Mutant Dominant Class ---------------- Mutant | -10/Materials Mutant | -10/Subcaves Resources | -11 -10 -10 ----------- Run | Yrd Mat Sub Matter Collected 315 | 221 46 48 Remotely . | . . . Salvage Created 46 | . 46 . Parts 2 | . 2 . Haulers Intercepted 1 | . 1 . Recyclers Shooed . | . . . Parts Field Recycled . | . . . Retrieved Matter . | . . . Parts Self-Destructed 19 | . . 19 Prevented . | . . . Parts Restored . | . . . Kills | -11 -10 -10 ------- Run | Yrd Mat Sub Combat Hostiles Destroyed . | . . . Classes Destroyed 1 | . 1 . Hauler 1 | . 1 . Best Kill Streak 1 | . 1 . Combat Bots Only . | . . . Max Kills in Single Turn 1 | . 1 . Gunslinging . | . . . Exploded . | . . . Melee . | . . . Uniques/NPCs Destroyed . | . . . Combat | -11 -10 -10 -------- Run | Yrd Mat Sub Hostile Shots Fired 33 | . . 33 Missed 10 | . . 10 Hits 23 | . . 23 Projectile 23 | . . 23 Critical Strikes 2 | . . 2 Damage Taken 500 | . . 500 Core 253 | . . 253 Absorbed by Shields . | . . . Core Remaining (%) 100 | 100 . . Volleys Fired 6 | . 5 1 Largest 2 | . 2 1 Hottest 90 | . 90 50 Shots Fired 11 | . 10 1 Gun 11 | . 10 1 Cannon . | . . . Launcher . | . . . Special . | . . . Kinetic . | . . . Thermal 6 | . 5 1 Explosive . | . . . Electromagnetic 5 | . 5 . Robot Hit Streak 7 | . 7 . Robot Miss Streak 1 | . 1 . Penetration Max . | . . . Secondary Targets . | . . . Shots Hit Robots 8 | . 8 . Core Hits 2 | . 2 . Critical Kills . | . . . Critical Parts Destroyed . | . . . Critical Strikes . | . . . Melee Attacks . | . . . Impact . | . . . Slashing . | . . . Piercing . | . . . Sneak Attacks . | . . . Combat Hostiles . | . . . Follow-up Attacks . | . . . Damage Inflicted 98 | . 98 . Guns 98 | . 98 . Cannons . | . . . Explosions . | . . . Melee . | . . . Ramming . | . . . Kinetic . | . . . Thermal 62 | . 62 . Explosive . | . . . Electromagnetic 36 | . 36 . Impact . | . . . Slashing . | . . . Piercing . | . . . Highest Corruption . | . . . Average Corruption . | . . . Corruption Purged . | . . . Corruption Blocked . | . . . Overload Shots . | . . . Overflow Damage . | . . . Projectiles . | . . . Explosions . | . . . Melee . | . . . Knockbacks . | . . . Impact . | . . . Kinetic . | . . . Secondary . | . . . Self-Inflicted Damage . | . . . Shots . | . . . Rammed . | . . . Targets Rammed . | . . . Kicked . | . . . Crushed . | . . . Highest Temperature 114 | . 114 . Average Temperature 50 | . 50 . Received Heat Transfer 78 | . . 78 Siege Activations . | . . . Martial Activations . | . . . Shielding Activations . | . . . Robots Disrupted . | . . . Combat Hostiles . | . . . Robots Corrupted . | . . . Combat Hostiles . | . . . Parts Fried 1 | . 1 . Impact Corruptions . | . . . Robots Melted . | . . . Combat Hostiles . | . . . Parts Melted . | . . . Heat Transferred 185 | . 185 . Parts Sabotaged . | . . . Parts Stolen . | . . . Parts Stripped . | . . . Power Chain Reactions . | . . . Alert | -11 -10 -10 ------- Run | Yrd Mat Sub Maximum Alert Level . | . . . Low Security (%) 100 | 100 100 . Level 1 . | . . . Level 2 . | . . . Level 3 . | . . . Level 4 . | . . . Level 5 . | . . . High Security . | . . . Max Security . | . . . Peak Influence 15 | . 15 . Initial . | . . . Average 1 | . 1 . Influence Increases 22 | . 22 . Destroy 0b10 Robot/NC 5 | . 5 . Destroy Leader 2 | . 2 . Partial Spotted 15 | . 15 . Influence Decreases 22 | . 7 15 Entered New Map 8 | . . 8 Time Decay 14 | . 7 7 Squads Dispatched 2 | . 2 . Investigation 2 | . 2 . Extermination . | . . . Reinforcement . | . . . Assault . | . . . Garrison . | . . . Intercept . | . . . Searches Triggered . | . . . Construction Impeded . | . . . Haulers Reinforced . | . . . Active Scanning Responses . | . . . Cargo Convoy Interrupts . | . . . Stealth | -11 -10 -10 --------- Run | Yrd Mat Sub Distress Signals . | . . . Communications Jammed . | . . . Distress Signals . | . . . Times Spotted 13 | . 1 12 Peak Tracking Total 6 | . 1 6 Tactical Retreats 1 | . . 1 Traps | -11 -10 -10 ------- Run | Yrd Mat Sub Traps Triggered 1 | . 1 . Indirectly . | . . . Trap Hack Attempts . | . . . Triggered . | . . . Disarmed . | . . . Reprogrammed . | . . . Reused . | . . . Traps Extracted . | . . . Installed . | . . . Triggered . | . . . Machines | -11 -10 -10 ---------- Run | Yrd Mat Sub Machines Disabled . | . . . Max in Single Turn . | . . . Machines Repaired . | . . . Machines Dismantled . | . . . Machines Sabotaged . | . . . Overloaded Fab Kills . | . . . Hacking | -11 -10 -10 --------- Run | Yrd Mat Sub Machines Accessed 3 | . 1 2 Terminals 1 | . 1 . Fabricators . | . . . Repair Stations . | . . . Recycling Units . | . . . Scanalyzers . | . . . Garrison Access . | . . . Total Hacks 6 | . 3 3 Successful 4 | . 1 3 Failed 2 | . 2 . Catastrophic . | . . . Database Lockouts . | . . . Manual 1 | . 1 . Terminals 3 | . 3 . Fabricators . | . . . Repair Stations . | . . . Recycling Units . | . . . Scanalyzers . | . . . Garrison Access . | . . . Terminal Hacks 4 | . 1 3 Record 1 | . . 1 Robot Analysis 1 | . 1 . Open Door 1 | . . 1 Release Object 1 | . . 1 Fabricator Hacks . | . . . Repair Station Hacks . | . . . Recycling Unit Hacks . | . . . Scanalyzer . | . . . Garrison Access Hacks . | . . . Unauthorized Hacks . | . . . Terminals . | . . . Fabricators . | . . . Repair Stations . | . . . Recycling Units . | . . . Scanalyzers . | . . . Garrison Access . | . . . Data Cores Recovered . | . . . Used . | . . . Hacking Detections 1 | . 1 . Full Trace Events 1 | . 1 . Feedback Events . | . . . Feedback Blocked . | . . . Robot Schematics Acquired . | . . . Robots Built . | . . . Authchips . | . . . Time . | . . . Total Robot Build Rating . | . . . Part Schematics Acquired . | . . . Parts Built . | . . . Authchips . | . . . Time . | . . . Total Part Build Rating . | . . . Part Studies Acquired . | . . . Parts Repaired . | . . . Time . | . . . Parts Recycled . | . . . Recycled Matter . | . . . Retrieved Matter . | . . . Retrieved Components . | . . . Parts Scanalyzed . | . . . Part Schematics Acquired . | . . . Parts Damaged . | . . . Bothacking | -11 -10 -10 ------------ Run | Yrd Mat Sub Used RIF Installer . | . . . Robots Hacked . | . . . Non-combat . | . . . Combat . | . . . Robot Hacks Applied . | . . . Relay Couplers Released . | . . . Fabnet Peak Effective % . | . . . Robots Rewired . | . . . Allies Hacked . | . . . Hacks Repelled . | . . . Allies | -11 -10 -10 -------- Run | Yrd Mat Sub Total Allies . | . . . Largest Group . | . . . Highest-Rated Group . | . . . Highest-Rated Ally . | . . . Total Orders . | . . . Ally Attacks . | . . . Total Damage . | . . . Kills . | . . . Allies Corrupted . | . . . Allies Melted . | . . . Intel | -11 -10 -10 ------- Run | Yrd Mat Sub Active Infowar (turns) . | . . . Robot Analysis Total 1 | . 1 . Derelict Logs Recovered . | . . . Drone Launches . | . . . Drone Recoveries . | . . . Exploration | -11 -10 -10 ------------- Run | Yrd Mat Sub Turns Passed 447 | 74 107 266 Spaces Moved 597 | 48 98 451 Core 19 | 12 . 7 Treads . | . . . Legs 83 | 36 47 . Wheels . | . . . Hover . | . . . Flight 495 | . 51 444 Fastest Speed 37 | 50 37 37 Average Speed 52 | 126 77 38 Slowest Speed 200 | 200 130 120 Overloaded Moves . | . . . Propulsion Burnouts . | . . . Robots Hopped 7 | . 2 5 Potential Cave-ins . | . . . Cave-ins Triggered . | . . . Exploration Rate (%) 16 | 3 19 26 Regions Visited 2 Branch Regions 1 Pre-discovered Areas . | . . . Known Exits Taken . | . . . Unknown Exits Taken 2 | 1 1 . Scrap Searched . | . . . Spaces Dug . | . . . Terrain Destroyed . | . . . Melee . | . . . Projectile . | . . . AOE . | . . . Terrain Rammed . | . . . Walls Destroyed . | . . . Machines Disabled . | . . . Actions | -11 -10 -10 --------- Run | Yrd Mat Sub Total 715 | 58 119 538 Wait 83 | . . 83 Move 581 | 47 93 441 Hop 7 | . 2 5 Pick Up 11 | 4 5 2 Fast Attach 9 | 5 4 . Attach 2 | 1 . 1 Detach 2 | . 1 1 Swap 1 | 1 . . Drop 12 | . 9 3 Fire 6 | . 5 1 Melee . | . . . Ram . | . . . Kick . | . . . Crush . | . . . Escape Stasis . | . . . Rewire . | . . . Trap . | . . . Miscellaneous 1 | . . 1 Route ------- -11/Scrapyard -10/Materials -10/Subcaves History --------- Turn | Location | Event 22 | -11/Scrapyard | Discovered new exit (range 16) 75 | -11/Scrapyard | Entered Materials 178 | -10/Materials | Discovered new exit (range 13) 182 | -10/Materials | Entered Subcaves 183 | -10/Subcaves | Approached by a straggling Scientist 240 | -10/Subcaves | Ambushed by Subdwellers from Twisted Machinery 290 | -10/Subcaves | Ambushed by swarm of Subdwellers 309 | -10/Subcaves | Build established: Mutant 326 | -10/Subcaves | Released subatomizers from SUBCON Basin 352 | -10/Subcaves | Lost 4 allies 447 | -10/Subcaves | Core integrity fell below 50% 448 | -10/Subcaves | Core integrity fell below 20% 448 | -10/Subcaves | Destroyed by YL-4M2(R) with Subdweller Machine Gun Last Messages --------------- >>Release Inventory Accessing inventory controls... Collection purity confirmed 100%... Ejecting SUBCON Basin... Delivery behind schedule, handle with care! 00326_ Released subatomizers from SUBCON Basin. 00346_ Acquired 7 matter. 00347_ Flight Unit destroyed. 00364_ Acquired Sub. Machine Gun. 00369_ Acquired 15 matter. 00372_ Acquired 14 matter. 00379_ PQ-L5V(R): "SUBHATE!" 00381_ Subatomizers dissect the Sub. Power Source. 00425_ Q4-DT3(u) builds Twisted Machinery. 00431_ Flight Unit destroyed. 00433_ Lgt. Armor Plating destroyed. 00434_ Dropped Sub. Machine Gun. 00444_ Flight Unit destroyed. 00446_ Lgt. Ion Engine destroyed. Map ----- +----------------------------------------------------+ | ?????????????????????????????????????????????????? | | ?????????????????????????????????????????????????? | | ?????????????????????????????????????????????????? | | ?????????????????????????????????????????????????? | | ??????????????????????????????????????####???????? | | ?????????????????????????????????????## ##??????? | | ?????????????????????????????????????# #??????? | | ?????????????????????????????####???## #??????? | | ?????????????????????######### ##### #???????? | | ????????????????????## # ##??????? | | ????????????????##### #??????? | | ????????????????# [ # #### " #??????? | | ????????????##### ######" " " ##??????? | | ????????????# ## ## " & ##???????? | | ???????????## # #????????? | | ??????????## # R # # ##& ####?????? | | ??????????# ### ## #### "" ## #?????? | | ????????##### ###### R R # # ## #?????? | | ????""""# # # ##### R ##### #?????? | | ????""%""" % # RR #### ##?????? | | ????""%#%" ### *% ## # # ##??????? | | ???"""?#####?## # ###### #???????? | | ????"?????????### ## #????## ##???????? | | ????????????????### ##?????#######????????? | | ?????????????????# ## #######????????????????? | | ?????????????????# ## @## #????????????????? | | ?????????????????## #?????????????????? | | ??????????????##### ###???????????????? | | ?????????????## % ## #???????????????? | | ?????????????# ### ###???????????????? | | ?????????????# ## ##?????????????????? | | ?????????????## ## ## ##?????????????????? | | ??????????????###### ##????????##??????? | | ???????????????????## ## ###?????# ##?????? | | ????????????????????##### ####?# #?????? | | ????????????????????????## ##% #?????? | | #????????????????????????## #?????? | | #?????????????????????????## #?????? | | #?????????????????????????## #?????? | | #??????????????????# ## #?????? | | #??????????????????# ##?????? | | #??????????????????# ## ##### ##??????? | | #???????????????????????#### ##???????? | | #??????????????????????????# ########????????? | | #?????????????????????????## ####???????????????? | | ##????????????????????????# #??????????????????? | | #???????????????####?????## ##?????????????????? | | #???????????##### ##????# #?????????????????? | | #?????####### ## ####### ##?????????????????? | | ####??# # #??????????????????? | +----------------------------------------------------+ Best States ------------- Heat Dissipation 25 Energy Generation 10 Energy Capacity 250 Matter Stores 300 Matter Capacity 300 Sight Range 16 Terrain Scan Density 10 Armor Coverage 150 Evasion (%) 62 Item Schematics ----------------- None Robot Schematics ------------------ None Fabricated ------------ Nothing Repaired ---------- Nothing Studied --------- None Alien Tech Used ----------------- None Achievements -------------- None Challenges ------------ None Game ------ Seed TargetingZipCalibrator Manual? 0 Play Time 00:16:21 Cumulative 32.7 hours Start 2026.08.13 @ 14:49:06 End 2026.08.13 @ 15:04:37 Sessions 1 Manual Loads 0 Difficulty Rogue Special Mode None Game No. 26 Rogue 26 Adventurer 0 Explorer 0 Win Type - Total 0 Types 0/0/0/0/0/0/0/0/0/0 Lore% 11 Gallery% 22 Achievement% 17 Wizard Run 0 Options --------- Layout 1 ASCII 0 Keyboard 1 Movement Vi Keybinds 0 Fullscreen 2 Font 24/Smallcaps Map View 50x35 Zoom Use 0% Tactical HUD 1 Map Filters NONE Filters NONE Steam 1 RUN: 65a769a2-17df-446b-8793-e8fe28968549